 Dungeon Crawl Stone Soup version 0.30-a0-219-gf2db51d15e (webtiles) character file.

Game seed: 16711357986693138582

12 Nerdsrcool the Stinger (level 2, -2/17 HPs)
             Began as an Octopode Venom Mage on Oct 7, 2022.
             Slain by a goblin
             ... wielding a +0 club
              (4 damage)
             ... on level 1 of the Dungeon.
             The game lasted 00:03:01 (369 turns).

Nerdsrcool the Stinger (Octopode Venom Mage)         Turns: 369, Time: 00:03:01

Health: -2/17      AC:  1    Str:  7    XL:     2   Next: 33%
Magic:  4/5        EV:  8    Int: 17    God:
Gold:   0          SH: 10    Dex: 12    Spells: 4/5 levels left

rFire   . . .      SeeInvis .    b - +0 short sword
rCold   . . .      Faith    .    f - +0 tower shield
rNeg    . . .      Spirit   .    (helmet restricted)
rPois   .          Reflect  .    (no amulet)
rElec   .          Harm     .    (no ring)
rCorr   .          Rampage  .    (no ring)
Will    .....                    (no ring)
Stlth   +++.......               (no ring)
HPRegen 0.22/turn                (no ring)
MPRegen 0.09/turn                (no ring)
                                 (no ring)
                                 (no ring)

@: very slightly contaminated
A: almost no armour, amphibious, 8 rings, camouflage 1, gelatinous body 1,
(nimble swimmer 1), tentacles
a: no special abilities


You were on level 1 of the Dungeon.
You visited 1 branch of the dungeon, and saw 1 of its levels.

Inventory:

Hand Weapons
 b - a +0 short sword (weapon)
Armour
 f - a +0 tower shield (worn)
Scrolls
 c - a scroll of noise {unknown}
 e - a scroll of butterflies {unknown}
Potions
 a - a potion of magic
 d - a potion of degeneration {unknown}


   Skills:
 + Level 2.0 Dodging
 + Level 2.9 Stealth
 + Level 2.2 Spellcasting
 + Level 1.0 Transmutations
 + Level 4.2 Poison Magic


You had 4 spell levels left.
You knew the following spells:

 Your Spells              Type           Power      Damage    Failure   Level
a - Sting                 Tmut/Pois      40%        1d5       77%         1

Your spell library contained the following spells:

 Spells                   Type           Power      Damage    Failure   Level
 Poisonous Vapours        Pois/Air       18%        N/A       92%         2
 Mephitic Cloud           Conj/Pois/Air  6%         N/A       99%         3
 Olgreb's Toxic Radiance  Pois           16%        N/A       99%         4


Dungeon Overview and Level Annotations

Branches:
Dungeon (1/15)

Altars:


Innate Abilities, Weirdness & Mutations

You cannot wear most types of armour.
You are amphibious.
You can wear up to eight rings at the same time.
Your skin changes colour to match your surroundings (Stealth+).
Your rubbery body absorbs attacks. (AC +1, EV +1)
((You are camouflaged when in or above water. (Stealth+)))
You have tentacles for arms and can constrict up to eight enemies at once.


Message History

There is an open door here.
A goblin comes into view. It is wielding a +0 club.
A bat comes into view.
Found a book of Debilitation.
The goblin shouts!
You miscast Sting.
You are very lightly contaminated with residual magic.
Nothing appears to happen.
You miss the bat. Your grab misses the bat. The bat barely misses you.
You block the bat's attack. You block the goblin's attack.
You barely miss the goblin. Your grab misses the goblin. The bat hits you.
You block the goblin's attack.
You closely miss the goblin. Your grab misses the goblin. The bat hits you.
You block the bat's attack. The bat closely misses you.
You block the goblin's attack. You block the bat's attack.
The goblin hits you with a +0 club.
You hit the goblin. Your grab misses the goblin.
The goblin is moderately wounded.
You block the bat's attack. The goblin hits you with a +0 club.
You hit the goblin. Your grab misses the goblin.
Your squeeze misses the goblin.
The goblin is heavily wounded.
The bat hits you. The bat barely misses you.
The goblin hits you with a +0 club.
* * * LOW HITPOINT WARNING * * *
Your magical contamination has completely faded away.
Aiming: Sting (safe; 77% risk of failure)
Press: ? - help, Q - select action Shift-Dir - straight line, f/p - goblin
Aim: a goblin, wielding a +0 club (heavily wounded, 64% to hit)
You miscast Sting.
You are very lightly contaminated with residual magic.
Nothing appears to happen.
You block the bat's attack. The goblin hits you with a +0 club.
* * * LOW HITPOINT WARNING * * *
You closely miss the goblin. Your grab misses the goblin.
Your squeeze misses the goblin.
The goblin is heavily wounded.
The bat closely misses you. x2; You block the goblin's attack.
The goblin hits you with a +0 club.
You die...

#### ..... ####
.... ...### #..#
.... # . ... :.. #
# #. #.###.# #.#
#.#. #.##g##.# #.#
#...# #...@b.#
#.###.#.#
##.#..##.#
.........###.##.##
..#.#.# #...###.#
#...#.####.####.##
..................
.......###+###....
8....'## ##+..
....##.#


You could see a goblin and a bat.

Vanquished Creatures
  A dart slug (D:1)
  A ball python (D:1)
  A bat (D:1)
  An endoplasm (D:1)
  A goblin (D:1)
  2 hobgoblins (D:1)
  A kobold (D:1)
8 creatures vanquished.

Notes
Turn   | Place    | Note
-------+----------+-------------------------------------------
     0 | D:1      | Nerdsrcool the Octopode Venom Mage began the quest for the
                  | Orb.
     0 | D:1      | Reached XP level 1. HP: 11/11 MP: 3/3
   119 | D:1      | Reached skill level 4 in Poison Magic
   213 | D:1      | Reached XP level 2. HP: 17/17 MP: 3/5
   369 | D:1      | Slain by a goblin

Illustrated notes

Levels and vault maps discovered:
D:1:      nicolae_arrival_somewhat_less_tricky_arrival, layout_loops_ring

Skill      XL: |  1 |
---------------+----+-----
Poison Magic   | 4 |  4.2
Dodging        | |  2.0
Stealth        | |  2.9
Spellcasting   | |  2.2
Transmutations | |  1.0

Action                   || total
-------------------------++-------
Melee: Short sword       ||    19
       Constrict         ||     4
       Tentacles         ||     1
 Cast: Sting             ||     7
Dodge: Dodged            ||    15
Block: Tower shield      ||     9

Table legend: (Time is in decaauts)
 A = Elapsed time spent in this place.
 B = Non-inter-level travel time spent in this place.
 C = Inter-level travel time spent in this place.
 D = Time resting spent in this place.
 E = Time spent auto-exploring this place.
 F = Levels seen in this place.
 G = Mean time per level.
                   A        B        C        D        E       F      G
               +--------+--------+--------+--------+--------+-----+--------+
         Total |    370 |    370 |      0 |      0 |    258 |   1 |  370.0 |
       Dungeon |    370 |    370 |      0 |      0 |    258 |   1 |  370.0 |
               +--------+--------+--------+--------+--------+-----+--------+

Top non-repeatable levels by time:
     D:1: 370 daAuts
